Map: Acropolis LE

Players

Smeeeger

  • Race: Zerg Zerg
  • League: Platinum
  • Spawn Location: 11:00

Sid - Winner!

  • Race: Terran Terran
  • Spawn Location: 5:00

VOD

Have the link to the VOD?

Description

Time

  • Played on: July 18, 2019, 10:44 a.m.
  • Length: 18:14
Show
View Real Time Build Order
Export as new Build Order

Smeeeger Zerg 

Build Orders: Hatch First 

Get SALT Encoding   

  12  0:01  Drone  
  13  0:13  Overlord  
  13  0:20  Drone  
  14  0:32  Drone x2  
  16  0:53  Hatchery, Drone  
  16  0:57  Drone  
  17  1:04  Drone  
  18  1:12  Extractor  
  18  1:18  Spawning Pool  
  16  1:21  Drone  
  16  1:23  Drone  
  18  1:30  Drone  
  19  1:40  Overlord  
  19  2:06  Queen  
  19  2:07  Queen  
  23  2:15  Drone x4  
  26  2:19  Metabolic Boost  
  26  2:21  Zergling x2  
  28  2:39  Overlord  
  28  2:41  Drone, Queen  
  28  2:42  Queen  
  33  2:55  Drone  
  33  2:56  Overlord  
  33  2:57  Drone  
  33  2:58  Zergling x2  
  36  3:22  Hatchery  
  36  3:27  Drone x4  
  39  3:36  Drone x4  
  39  3:38  Queen  
  45  3:48  Drone x2  
  45  3:49  Drone, Overlord  
  48  3:59  Extractor  
  48  4:00  Drone x2  
  48  4:01  Extractor  
  48  4:04  Drone x3, Roach Warren  
  48  4:05  Drone, Evolution Chamber  
  48  4:09  Drone x2  
  52  4:13  Lair  
  52  4:22  Queen  
  54  4:31  Baneling Nest  
  53  4:33  Spore Crawler  
  53  4:35  Spore Crawler  
  51  4:44  Queen  
  53  4:48  Drone x2  
  53  4:49  Drone x3, Overlord  
  53  4:50  Overlord x2  
  58  4:58  Zerg Missile Weapons Level 1  
  58  5:13  Zergling x6  
  58  5:14  Zergling x18  
  66  5:21  Overseer  
  66  5:22  Pneumatized Carapace  
  66  5:28  Spore Crawler  
  66  5:32  Spore Crawler  
  64  5:39  Drone x3  
  64  5:40  Drone x6  
  64  5:41  Overlord  
  73  5:45  Centrifical Hooks  
  73  5:48  Glial Reconstitution  
  73  5:51  Drone  
  73  5:52  Drone, Extractor  
  73  5:54  Extractor  
  60  5:59  Overlord  
  60  6:01  Roach x2  
  64  6:07  Queen  
  64  6:10  Roach  
  64  6:11  Roach x2  
  70  6:13  Roach  
  74  6:27  Drone x2  
  74  6:30  Drone x2  
  74  6:31  Drone x4, Extractor  
  74  6:32  Overlord x2  
  81  6:33  Drone x3  
  84  6:59  Zergling x10  
  84  7:00  Baneling, Zergling x4  
  84  7:01  Baneling  
  91  7:06  Zerg Missile Weapons Level 2  
  89  7:08  Zergling x2  
  89  7:09  Zergling x10  
  95  7:20  Overseer  
  87  7:24  Roach x8  
  103  7:33  Overlord x3  
  103  7:34  Overlord  
  103  7:40  Hatchery  
  99  7:57  Roach  
  99  7:58  Roach x10  
  117  8:15  Roach x6  
  122  8:45  Roach x8  
  112  8:56  Roach x3  
  112  8:57  Roach  
  112  9:02  Drone  
  105  9:12  Roach x4  
  111  9:20  Roach  
  111  9:21  Overseer x2, Roach x3  
  111  9:22  Zerg Ground Armor Level 1, Overseer  
  111  9:24  Queen  
  111  9:27  Drone  
  111  9:28  Spore Crawler  
  107  9:36  Roach x11  
  127  9:52  Overlord  
  127  9:53  Overlord x2  
  127  10:03  Ravager  
  120  10:27  Roach x11  
  132  10:38  Overseer  
  132  10:39  Roach x6  
  132  10:40  Zergling x8  
  107  11:06  Infestation Pit, Evolution Chamber  
  107  11:09  Roach x8  
  119  11:18  Overseer x3  
  100  11:31  Drone x5  
  100  11:32  Drone x3  
  103  11:38  Zergling x16  
  111  11:43  Hive  
  111  11:47  Zergling x12, Spire  
  116  12:02  Overlord x3  
  116  12:03  Overlord x2  
  116  12:05  Drone x3  
  119  12:14  Drone  
  120  12:16  Extractor  
  120  12:17  Zergling x2  
  120  12:19  Extractor  
  119  12:30  Roach  
  119  12:31  Roach x8  
  132  12:48  Zerg Ground Armor Level 2  
  132  12:55  Ravager x3  
  132  12:56  Hatchery, Ravager x5  
  132  12:58  Drone x4  
  142  12:59  Drone x2  
  142  13:00  Drone x4, Overlord  
  142  13:01  Overlord  
  142  13:05  Adrenal Glands, Greater Spire  
  149  13:10  Evolution Chamber  
  133  13:48  Corruptor x4  
  132  13:49  Corruptor  
  132  13:51  Zergling x2  
  132  13:52  Zergling x42  
  164  14:12  Zergling x16  
  164  14:13  Zergling x4  
  171  14:20  Baneling  
  171  14:21  Baneling x13  
  166  14:26  Drone x3  
  166  14:27  Drone x5  
  170  14:32  Drone  
  170  14:33  Drone x2  
  170  14:36  Spine Crawler  
  170  14:38  Spine Crawler  
  171  14:40  Spine Crawler  
  170  14:54  Brood Lord  
  170  14:56  Overlord  
  133  15:07  Corruptor x13  
  133  15:08  Corruptor  
  135  15:29  Corruptor  
  135  15:30  Corruptor x5  
  135  15:32  Zergling x8  
  127  15:52  Brood Lord x3  
  127  15:53  Brood Lord  
  127  15:54  Zergling x12  
  141  16:02  Zergling x14  
  144  16:07  Zergling x4  
  144  16:08  Zergling x2  
  143  16:13  Brood Lord  
  143  16:15  Zergling x2  
  141  16:21  Zergling x4  
  136  16:50  Zergling x2  
  136  16:51  Zergling x22  
  144  17:06  Overseer x2  
  144  17:07  Overseer  
  144  17:22  Zergling x4  
  133  17:23  Zergling x14  
  133  17:30  Zergling x12  
  128  17:45  Corruptor  
Show
View Real Time Build Order
Export as new Build Order

Sid Terran - Winner!

Build Orders: 2 Factory 

Get SALT Encoding   

  12  0:03  SCV  
  13  0:16  SCV  
  13  0:20  Supply Depot  
  14  0:27  Refinery  
  14  0:28  SCV  
  15  0:44  Barracks  
  15  0:47  SCV  
  16  0:59  SCV  
  17  1:11  SCV  
  18  1:23  SCV  
  19  1:35  Factory  
  20  1:41  Orbital Command  
  19  1:48  Barracks Reactor  
  19  2:05  Command Center  
  19  2:07  SCV  
  20  2:16  Supply Depot  
  20  2:20  SCV  
  21  2:27  Refinery  
  21  2:36  SCV  
  22  2:38  Widow Mine x2  
  26  2:51  Factory  
  26  2:53  SCV  
  26  2:54  Barracks Tech Lab  
  27  3:05  SCV  
  28  3:10  Widow Mine  
  30  3:16  Widow Mine  
  30  3:17  SCV  
  32  3:20  Orbital Command  
  32  3:29  SCV  
  33  3:34  Armory  
  33  3:46  SCV  
  33  3:47  SCV  
  35  3:52  Widow Mine x3  
  41  3:59  SCV x2  
  43  4:11  SCV  
  43  4:13  Widow Mine  
  46  4:20  Drilling Claws, SCV  
  46  4:23  SCV  
  48  4:26  Supply Depot  
  48  4:28  Widow Mine x2  
  52  4:32  SCV  
  53  4:38  SCV  
  53  4:43  Terran Vehicle And Ship Armor Level 1, Refinery  
  54  4:47  Refinery  
  54  4:48  Widow Mine, SCV  
  54  4:49  Supply Depot  
  54  4:50  Widow Mine x2  
  61  4:55  Supply Depot  
  61  4:56  Supply Depot  
  61  5:10  Widow Mine  
  61  5:11  Widow Mine x2  
  61  5:31  Widow Mine  
  61  5:32  Widow Mine x2  
  59  5:41  Factory, SCV  
  59  5:42  SCV  
  59  5:53  Widow Mine  
  59  5:54  Widow Mine x2, SCV x2  
  61  6:06  SCV  
  61  6:10  SCV  
  63  6:14  Widow Mine  
  63  6:15  Widow Mine x2  
  63  6:18  SCV  
  69  6:26  SCV  
  69  6:30  SCV  
  71  6:35  Widow Mine  
  71  6:37  Widow Mine x2  
  71  6:38  SCV  
  78  6:40  Factory Reactor  
  78  6:42  SCV  
  78  6:43  Command Center  
  78  6:44  Factory  
  78  6:47  Factory  
  79  6:50  SCV  
  80  6:54  SCV  
  80  6:57  Widow Mine  
  80  6:58  Widow Mine  
  85  7:03  SCV  
  85  7:05  Supply Depot  
  86  7:16  Widow Mine, SCV x2  
  86  7:26  Widow Mine x4  
  94  7:30  Factory Tech Lab x2  
  94  7:33  SCV x2  
  88  7:38  Widow Mine  
  88  7:40  Supply Depot  
  88  7:42  Supply Depot  
  90  7:45  SCV  
  90  7:46  SCV  
  90  7:48  Widow Mine x4  
  99  7:55  Widow Mine x2  
  99  7:57  SCV  
  104  7:58  SCV  
  104  7:59  Widow Mine  
  104  8:01  Orbital Command  
  107  8:09  Widow Mine x4  
  113  8:16  Widow Mine x2  
  116  8:20  Widow Mine  
  118  8:28  SCV x3  
  118  8:31  Widow Mine x4  
  125  8:37  Cyclone  
  125  8:38  Cyclone  
  125  8:40  SCV x2  
  130  8:42  Cyclone  
  130  8:43  Orbital Command  
  120  9:10  Cyclone x2  
  120  9:14  Cyclone  
  121  9:19  Mag-Field Accelerator  
  121  9:23  SCV x3  
  117  9:35  SCV x3  
  120  9:42  Cyclone x2  
  122  9:46  Cyclone  
  122  9:47  SCV x3  
  124  9:59  SCV x3  
  127  10:11  SCV x3  
  127  10:14  Cyclone  
  133  10:18  Cyclone  
  133  10:19  Cyclone  
  131  10:23  SCV x2  
  127  10:35  Command Center  
  127  10:41  Hellion x3, Widow Mine  
  133  10:46  Orbital Command  
  132  11:00  Cyclone  
  132  11:16  SCV  
  133  11:22  Widow Mine  
  133  11:23  SCV  
  133  11:24  Hellion  
  133  11:37  Refinery  
  133  11:38  Refinery  
  133  11:47  Hellion x4, Widow Mine x2, SCV x3  
  133  11:51  Cyclone  
  142  11:59  SCV x3  
  138  12:08  Cyclone  
  138  12:09  Hellion, Widow Mine  
  138  12:11  SCV x3  
  148  12:23  Terran Vehicle Weapons Level 1  
  148  12:27  Supply Depot  
  148  12:28  Supply Depot  
  148  12:37  Orbital Command  
  148  12:48  Cyclone, SCV x2  
  148  12:49  Hellion  
  148  12:50  Cyclone x2, Supply Depot, Hellion  
  163  12:59  SCV  
  163  13:02  Orbital Command  
  164  13:12  SCV x3  
  167  13:14  Hellion, Widow Mine  
  167  13:18  Hellion  
  167  13:20  Cyclone  
  167  13:24  SCV  
  156  13:31  Cyclone x2  
  153  13:37  SCV x4  
  154  13:49  SCV x4  
  154  13:53  Cyclone  
  163  13:56  Hellion x2, Widow Mine x2  
  163  14:01  SCV  
  164  14:03  Cyclone x2  
  164  14:05  SCV x2  
  164  14:09  Refinery  
  172  14:10  Refinery  
  172  14:21  Infernal Pre-Igniter  
  172  14:23  Terran Vehicle Weapons Level 2  
  172  14:25  Widow Mine  
  172  14:26  Hellion  
  172  14:27  Widow Mine  
  172  14:29  Supply Depot, Hellion  
  172  14:31  Supply Depot  
  172  14:43  Cyclone x2, SCV x2  
  172  14:44  Supply Depot  
  180  14:48  Supply Depot  
  180  14:51  Cyclone, SCV  
  184  14:55  Supply Depot  
  143  15:09  Hellion x2, Widow Mine x2  
  146  15:15  Cyclone  
  146  15:18  Cyclone  
  146  15:23  Cyclone  
  138  15:30  Hellion, Widow Mine  
  138  15:31  Hellion, Widow Mine, Orbital Command  
  143  15:47  Cyclone  
  146  15:51  Widow Mine  
  146  15:52  Widow Mine x2  
  146  15:54  Widow Mine  
  146  15:55  Cyclone, Widow Mine  
  159  16:12  Cyclone  
  159  16:13  Hellion x2  
  159  16:16  Hellion x2  
  170  16:19  Cyclone  
  170  16:27  Widow Mine  
  169  16:34  Hellion, Widow Mine  
  169  16:37  Hellion x2  
  174  16:44  Widow Mine  
  171  16:48  Widow Mine  
  171  16:52  Hellion  
  175  16:56  Hellion x2  
  175  16:59  Hellion x2  
  183  17:05  Hellion  
  185  17:10  Widow Mine  
  185  17:13  Widow Mine  
  189  17:17  Widow Mine x2  
  189  17:20  Widow Mine  
  183  17:38  Cyclone  
  193  17:45  Hellion x2, Widow Mine  
Tags
 
League
Platinum
Matchup
TvZ
Replay Pack
SC2 replays
Spawn Locations
Cross Positions
Add a new tag
Caveats
  • Supply blocks, unpowered buildings, or Contaminate may cause inaccurate times.
  • Supply counts are checked every 10 seconds.